 Dungeon Crawl Stone Soup version 0.26.1-2-gb8aa6d0cf2 (webtiles) character file.

Game seed: 2402638606003088666

77 nightchill the Ruffian (level 4, 0/38 HPs)
             Began as a Ghoul Warper on Mar 19, 2021.
             Slain by an orc
             ... wielding a +0 trident
              (1 damage)
             ... on level 3 of the Dungeon.
             The game lasted 00:02:05 (1894 turns).

nightchill the Ruffian (Ghoul Warper)               Turns: 1894, Time: 00:02:06

Health: 0/38       AC:  4    Str: 15    XL:     4   Next: 34%
Magic:  5/5        EV: 11    Int:  8    God:
Gold:   61         SH:  0    Dex:  8    Spells: 6/6 levels left

rFire    . . .     SeeInvis .     - Unarmed
rCold    + . .     Faith    .   (no shield)
rNeg     + + +     Spirit   .   a - +0 leather armour
rPois    ∞         Reflect  .   (no helmet)
rElec    .         Harm     .   (no cloak)
rCorr    .         Rampage  .   (no gloves)
Will     .....                  h - +0 pair of boots
Stlth    +.........             (no amulet)
HPRegen  0.00/turn              (no ring)
MPRegen  0.09/turn              (no ring)

@: no status effects
A: claws 1, cold resistance 1, negative energy resistance 3, inhibited
regeneration, torment resistance, unbreathing
a: no special abilities


You were on level 3 of the Dungeon.
You visited 1 branch of the dungeon, and saw 3 of its levels.

You collected 61 gold pieces.

Inventory:

Armour
 a - a +0 leather armour (worn)
 h - a +0 pair of boots (worn)
Jewellery
 f - a cursed -4 ring of evasion {unknown}
 l - an uncursed ring of flight {unknown}
Scrolls
 b - a scroll of random uselessness {unknown}
 c - 4 scrolls of blinking
 g - 2 scrolls of identify {unknown}
 j - a scroll of amnesia {unknown}
 k - 2 scrolls of remove curse {unknown}
 n - 2 scrolls of teleportation {unknown}
Potions
 d - a potion of curing {unknown}
 e - a potion of might
 i - a potion of haste {unknown}
 m - 2 potions of resistance {unknown}


   Skills:
 + Level 3.2 Fighting
 - Level 0.8 Throwing
 - Level 0.8 Armour
 - Level 1.7 Dodging
 * Level 4.2 Unarmed Combat
 - Level 1.7 Spellcasting
 - Level 2.6 Translocations


You had 6 spell levels left.
You didn't know any spells.
Your spell library contained the following spells:

 Spells                   Type           Power        Failure   Level
 Blink                    Tloc           N/A          22%         2
 Gell's Gravitas          Tloc           2%           41%         3
 Lesser Beckoning         Tloc           2%           41%         3
 Teleport Other           Tloc           5%           41%         3
 Passage of Golubria      Tloc           N/A          83%         4


Dungeon Overview and Level Annotations

Branches:
Dungeon (3/15)

Altars:

Annotations:
D:2 1 runed translucent door, Crazy Yiuf


Innate Abilities, Weirdness & Mutations

You thrive by killing the living.
You are immune to poison.
You have sharp fingernails.
Your flesh is cold resistant. (rC+)
You are immune to negative energy. (rN+++)
You do not regenerate when monsters are visible.
You are immune to unholy pain and torment.
You can survive without breathing.


Message History

* * * LOW HITPOINT WARNING * * *
A kobold comes into view. It is wielding a +0 short sword.
You barely miss the orc. The orc barely misses you. The orc closely misses you.
The kobold hits you with a +0 short sword.
* * * LOW HITPOINT WARNING * * *
You closely miss the orc.
The orc hits you from afar with a +0 trident.
* * * LOW HITPOINT WARNING * * *
The kobold hits you but does no damage. The kobold closely misses you.
The orc barely misses you. The kobold hits you but does no damage.
An adder comes into view.
The adder hisses angrily.
The kobold throws a stone.
The stone hits you but does no damage.
You see here a stone.
The adder bites you but does no damage.
You barely miss the adder. The adder bites you.
* * * LOW HITPOINT WARNING * * *
The orc hits you from afar with a +0 trident.
You die...

....#. #.# .....
#.# ##....### #.#
#....... #.#
#...K.# #.# #.o...#
#.# ####o....# #S#
#..#.o...#
#@###..#.....#
##.(ooK[(.....#
#...K............
#.......#.....#..
#.......#.###.#..
#.......#.........
#.......#.......##.
#.....†.#..........
#.......#....... ..


You could see an adder, 2 orcs and 2 kobolds.

Vanquished Creatures
  A worker ant (D:3)
  2 adders (D:2)
  A dart slug (D:1)
  3 orcs (D:3)
  5 goblins
  A hobgoblin (D:2)
  A quokka (D:2)
  A ball python (D:1)
  9 bats
  2 frilled lizards
  2 kobolds
  4 rats
32 creatures vanquished.

Vanquished Creatures (others)
  7 plants (D:3)
7 creatures vanquished.

Grand Total: 39 creatures vanquished

Notes
Turn   | Place    | Note
-------+----------+-------------------------------------------
     0 | D:1      | nightchill the Ghoul Warper began the quest for the Orb.
     0 | D:1      | Reached XP level 1. HP: 17/17 MP: 2/2
   375 | D:1      | Reached XP level 2. HP: 25/25 MP: 3/3
   886 | D:2      | Reached skill level 3 in Unarmed Combat
   942 | D:2      | Reached XP level 3. HP: 24/30 MP: 4/4
  1189 | D:2      | Found a runed translucent door.
  1190 | D:2      | Noticed Crazy Yiuf
  1576 | D:3      | Reached skill level 4 in Unarmed Combat
  1576 | D:3      | Reached XP level 4. HP: 11/38 MP: 5/5
  1894 | D:3      | HP: 1/38 [adder (4)]
  1894 | D:3      | Slain by an orc

Illustrated notes

Levels and vault maps discovered:
D:1:      ebering_trefoil_twist, layout_basic
D:2:      layout_rooms, uniq_crazy_yiuf_cottage
D:3:      layout_basic, elyvilon_altar_3, serial_bayou_pond_b,
          cheibrodos_ashenzari_chains, uniq_grinder

Skill      XL: |  1  2  3 |
---------------+----------+-----
Unarmed Combat | 3 4 |  4.2
Fighting       | 3 |  3.2
Throwing       | |  0.8
Armour         | |  0.8
Dodging        | |  1.7
Spellcasting   | |  1.7
Translocations | |  2.6

Action                   |  1- 3 |  4- 6 || total
-------------------------+-------+-------++-------
Melee: Unarmed           |    84 |    22 ||   106
       Punch             |     1 |     1 ||     2
Throw: Boomerang         |     5 |       ||     5
  Use: Potion            |     1 |       ||     1
Armor: Leather armour    |    37 |    12 ||    49
Dodge: Dodged            |    58 |    21 ||    79
